General information
			
			
        
        - name: BNet
 
        - type: Ladder team game (AT/RT)
 
        - host: Battle.net
 
        - saver: VELOX_NEB
 
        
map: SilverpineForest 
        - players: 6
 
        - length: 74:45
 
        - speed: Fast
 - version: 1.22 W3XP
 - replay type:  Public
 
» download(436 KB)
Players
        team 1 (winner) 
              
              
GapInTheTooth (
yellow | 52 APM | 2344 actions | 45:26)
              
 3 Archmage 
 1 Blizzard
 2 Brilliance Aura
 2 Blood Mage 
 1 Flame Strike
 1 Banish
 
                » actions 
                
                | Assign group hotkey | 16 |  | 
| Basic commands | 73 |  | 
| Build / train | 138 |  | 
| ESC pressed | 28 |  | 
| Enter build submenu | 86 |  | 
| Enter hero's abilities submenu | 5 |  | 
| Give item / drop item | 2 |  | 
| Right click | 785 |  | 
| Select / deselect | 896 |  | 
| Select group hotkey | 37 |  | 
| Use ability | 274 |  | 
                2344 total
 » units 
                
                | Peasant | 15 |  | 
| Dragonhawk Rider | 22 |  | 
| Goblin Zeppelin | 1 |  | 
| Goblin Shredder | 1 |  | 
| Priest | 2 |  | 
                41 total
 » upgrades
                
                | Masonry | 3 |  | 
| Lumber Harvesting | 2 |  | 
| Magic Sentry | 1 |  | 
| Cloud | 1 |  | 
| Swords | 3 |  | 
| Armor | 3 |  | 
| Animal War Training | 1 |  | 
| Priest Training | 2 |  | 
                16 total
 » buildings
                
                | Farm | 16 |  | 
| Lumber Mill | 3 |  | 
| Scout Tower | 132 |  | 
| Guard Tower | 60 |  | 
| Altar of Kings | 1 |  | 
| Keep | 1 |  | 
| Town Hall | 1 |  | 
| Arcane Sanctum | 1 |  | 
| Arcane Vault | 1 |  | 
| Castle | 1 |  | 
| Gryphon Aviary | 3 |  | 
| Blacksmith | 1 |  | 
| Barracks | 1 |  | 
| Workshop | 1 |  | 
| Cannon Tower | 1 |  | 
| Arcane Tower | 2 |  | 
                226 total
 » build order
                00:24 Farm
00:29 Lumber Mill
00:58 Scout Tower
01:00 Scout Tower
01:13 Scout Tower
01:19 Scout Tower
01:32 Guard Tower
01:47 Scout Tower
01:48 Guard Tower
01:51 Guard Tower
01:58 Scout Tower
02:01 Scout Tower
02:03 Guard Tower
02:11 Scout Tower
02:20 Scout Tower
02:27 Scout Tower
02:27 Scout Tower
02:34 Altar of Kings
02:40 Farm
02:44 Guard Tower
02:48 Scout Tower
02:57 Guard Tower
02:59 Scout Tower
03:00 Scout Tower
03:21 Guard Tower
03:24 Guard Tower
03:24 Guard Tower
03:24 Guard Tower
03:25 Guard Tower
03:32 Guard Tower
03:36 Scout Tower
03:37 Scout Tower
03:39 Scout Tower
03:40 Scout Tower
03:43 Guard Tower
03:57 Scout Tower
03:57 Scout Tower
04:10 Guard Tower
04:14 Scout Tower
04:16 Scout Tower
04:17 Scout Tower
04:18 Scout Tower
04:25 Scout Tower
04:26 Scout Tower
04:27 Scout Tower
04:28 Scout Tower
04:30 Guard Tower
04:33 Guard Tower
04:40 Guard Tower
04:57 Guard Tower
04:59 Scout Tower
05:00 Scout Tower
05:16 Guard Tower
05:26 Guard Tower
05:28 Scout Tower
05:29 Scout Tower
05:29 Scout Tower
05:44 Guard Tower
05:49 Keep
06:12 Scout Tower
06:41 Guard Tower
06:44 Scout Tower
06:44 Scout Tower
06:46 Scout Tower
06:53 Guard Tower
07:19 Guard Tower
07:22 Scout Tower
07:24 Scout Tower
07:25 Scout Tower
08:09 Guard Tower
08:10 Scout Tower
08:12 Scout Tower
08:21 Town Hall
08:29 Scout Tower
08:30 Scout Tower
08:31 Scout Tower
08:42 Guard Tower
08:46 Guard Tower
09:11 Scout Tower
09:12 Scout Tower
09:14 Scout Tower
09:16 Scout Tower
09:17 Scout Tower
09:22 Scout Tower
09:25 Scout Tower
09:26 Scout Tower
09:31 Scout Tower
09:32 Scout Tower
09:34 Scout Tower
09:36 Scout Tower
09:39 Guard Tower
09:43 Arcane Sanctum
09:47 Guard Tower
10:18 Guard Tower
10:25 Guard Tower
10:41 Lumber Mill
10:48 Scout Tower
10:49 Guard Tower
10:57 Arcane Vault
11:18 Guard Tower
11:21 Guard Tower
11:28 Guard Tower
11:29 Scout Tower
11:30 Scout Tower
11:31 Scout Tower
11:32 Scout Tower
11:32 Scout Tower
11:33 Scout Tower
11:34 Scout Tower
12:38 Castle
12:46 Guard Tower
13:01 Scout Tower
13:02 Scout Tower
13:03 Scout Tower
13:04 Scout Tower
13:05 Scout Tower
13:06 Scout Tower
13:09 Scout Tower
13:10 Scout Tower
13:14 Guard Tower
13:21 Gryphon Aviary
13:25 Gryphon Aviary
13:43 Guard Tower
13:57 Guard Tower
14:27 Guard Tower
14:41 Guard Tower
14:43 Guard Tower
14:47 Scout Tower
14:48 Scout Tower
14:49 Scout Tower
15:09 Farm
15:10 Farm
15:11 Farm
15:12 Farm
15:31 Guard Tower
16:12 Guard Tower
16:15 Scout Tower
16:52 Guard Tower
18:48 Blacksmith
18:52 Barracks
23:20 Scout Tower
23:21 Scout Tower
23:21 Scout Tower
23:21 Scout Tower
23:52 Guard Tower
23:53 Guard Tower
23:55 Scout Tower
23:55 Scout Tower
23:56 Scout Tower
23:56 Scout Tower
24:02 Workshop
24:31 Guard Tower
24:33 Guard Tower
24:35 Scout Tower
24:35 Scout Tower
24:36 Scout Tower
24:36 Scout Tower
24:39 Scout Tower
24:39 Scout Tower
24:40 Scout Tower
24:40 Scout Tower
25:12 Cannon Tower
25:29 Scout Tower
25:29 Scout Tower
25:30 Scout Tower
25:31 Scout Tower
26:04 Guard Tower
26:15 Guard Tower
26:30 Scout Tower
26:31 Scout Tower
26:32 Scout Tower
26:32 Scout Tower
27:07 Guard Tower
29:49 Scout Tower
30:03 Scout Tower
30:13 Scout Tower
30:39 Guard Tower
30:57 Guard Tower
34:19 Scout Tower
34:20 Scout Tower
34:25 Scout Tower
35:09 Guard Tower
35:14 Arcane Tower
35:49 Guard Tower
36:03 Scout Tower
36:06 Scout Tower
36:07 Scout Tower
36:08 Scout Tower
36:09 Scout Tower
36:10 Scout Tower
36:11 Scout Tower
36:11 Scout Tower
36:18 Scout Tower
36:19 Scout Tower
36:19 Scout Tower
37:29 Guard Tower
37:32 Scout Tower
37:33 Scout Tower
37:33 Scout Tower
37:34 Scout Tower
37:34 Scout Tower
37:35 Scout Tower
38:56 Guard Tower
38:59 Scout Tower
39:00 Scout Tower
39:00 Scout Tower
39:15 Farm
39:15 Farm
39:16 Farm
39:16 Farm
39:17 Farm
40:08 Farm
40:08 Farm
40:09 Farm
40:09 Farm
40:14 Farm
40:33 Arcane Tower
40:36 Scout Tower
40:37 Scout Tower
40:38 Scout Tower
41:03 Scout Tower
41:05 Scout Tower
41:10 Gryphon Aviary
41:16 Guard Tower
44:31 Lumber Mill
» items
                
                | Staff of Teleportation | 1 |  | 
| Ring of Regeneration | 1 |  | 
| Gloves of Haste | 1 |  | 
| Scroll of Town Portal | 3 |  | 
| Orb of Lightning | 1 |  | 
| Amulet of Spell Shield | 1 |  | 
| Talisman of Evasion | 1 |  | 
                9 total
  
               
              
              
GOKUMaN69 (
pink | 60 APM | 4474 actions | 74:37)
              
 10 Blademaster 
 3 Wind Walk
 3 Critical Strike
 1 Bladestorm
 3 Mirror Image
 
                » actions 
                
                | Assign group hotkey | 5 |  | 
| Basic commands | 2 |  | 
| Build / train | 80 |  | 
| Enter build submenu | 90 |  | 
| Enter hero's abilities submenu | 10 |  | 
| Give item / drop item | 5 |  | 
| Right click | 2870 |  | 
| Select / deselect | 1004 |  | 
| Select group hotkey | 14 |  | 
| Use ability | 393 |  | 
                4474 total
 » units 
                
                | Peon | 12 |  | 
| Wind Rider | 4 |  | 
| Troll Batrider | 16 |  | 
| Raider | 2 |  | 
| Goblin Zeppelin | 1 |  | 
                35 total
 » upgrades
                
                | Ranged Weapons | 1 |  | 
| Liquid Fire | 1 |  | 
| Reinforced Defenses | 1 |  | 
| Ensnare | 1 |  | 
| Envenomed Spears | 1 |  | 
                5 total
 » buildings
                
                | Altar of Storms | 2 |  | 
| Orc Burrow | 8 |  | 
| War Mill | 3 |  | 
| Watch Tower | 56 |  | 
| Voodoo Lounge | 2 |  | 
| Stronghold | 1 |  | 
| Fortress | 1 |  | 
| Beastiary | 5 |  | 
| Great Hall | 5 |  | 
| Arcane Tower | 1 |  | 
| Guard Tower | 3 |  | 
                87 total
 » build order
                00:06 Altar of Storms
00:22 Orc Burrow
00:24 War Mill
01:35 Watch Tower
01:56 Watch Tower
02:01 Voodoo Lounge
02:25 Watch Tower
02:48 Watch Tower
03:46 Stronghold
04:24 Watch Tower
04:39 Watch Tower
04:57 Orc Burrow
04:59 Orc Burrow
06:09 Watch Tower
06:10 Fortress
06:12 Beastiary
06:14 Beastiary
06:29 Watch Tower
06:46 Watch Tower
06:50 Orc Burrow
08:02 Watch Tower
08:11 Watch Tower
09:08 Watch Tower
09:27 Watch Tower
09:28 Watch Tower
10:15 Watch Tower
11:09 Watch Tower
11:13 Watch Tower
11:26 Watch Tower
11:34 Watch Tower
12:42 Watch Tower
12:44 Watch Tower
12:45 Watch Tower
12:48 Watch Tower
13:18 Great Hall
13:32 Watch Tower
14:36 Watch Tower
14:44 Watch Tower
14:44 Watch Tower
14:53 Watch Tower
15:57 Watch Tower
15:59 Watch Tower
17:33 Watch Tower
17:34 Watch Tower
18:44 Watch Tower
18:45 Watch Tower
20:42 Watch Tower
20:43 Watch Tower
20:44 Watch Tower
20:45 Watch Tower
21:14 Watch Tower
23:42 Altar of Storms
23:43 Orc Burrow
24:29 Beastiary
24:40 Orc Burrow
24:53 Watch Tower
24:55 Watch Tower
25:30 Beastiary
25:34 Beastiary
26:00 Watch Tower
26:03 Watch Tower
26:19 Watch Tower
27:21 Orc Burrow
28:30 Voodoo Lounge
28:32 Orc Burrow
33:23 Great Hall
36:46 Great Hall
43:27 Great Hall
43:44 Great Hall
45:45 Arcane Tower
46:19 Guard Tower
46:19 Guard Tower
46:19 Guard Tower
47:03 War Mill
47:39 War Mill
51:44 Watch Tower
51:46 Watch Tower
51:49 Watch Tower
53:00 Watch Tower
53:02 Watch Tower
55:22 Watch Tower
55:23 Watch Tower
55:25 Watch Tower
55:26 Watch Tower
57:33 Watch Tower
57:34 Watch Tower
58:59 Watch Tower
» items
                
                | Boots of Speed | 1 |  | 
| Staff of Teleportation | 1 |  | 
| Healing Salve | 3 |  | 
| Lesser Clarity Potion | 5 |  | 
| Orb of Lightning | 1 |  | 
| Claws of Attack +12 | 2 |  | 
| Potion of Mana | 1 |  | 
| Helm of Valor | 1 |  | 
| Scroll of Regeneration | 1 |  | 
| Potion of Healing | 1 |  | 
                17 total
  
               
              
              
VELOX_NEB (
teal | 44 APM | 3302 actions | 74:45)
              
 10 Warden 
 3 Fan of Knives
 3 Blink
 3 Shadow Strike
 1 Spirit of Vengeance
 2 Archmage 
 2 Blizzard
 2 Blood Mage 
 1 Flame Strike
 1 Siphon Mana
 
                » actions 
                
                | Assign group hotkey | 11 |  | 
| Basic commands | 126 |  | 
| Build / train | 115 |  | 
| ESC pressed | 26 |  | 
| Enter build submenu | 30 |  | 
| Enter hero's abilities submenu | 12 |  | 
| Give item / drop item | 9 |  | 
| Right click | 1895 |  | 
| Select / deselect | 664 |  | 
| Select group hotkey | 36 |  | 
| Use ability | 378 |  | 
                3302 total
 » units 
                
                | Wisp | 31 |  | 
| Druid of the Talon | 38 |  | 
| Chimaera | 4 |  | 
| Hippogryph | 1 |  | 
                74 total
 » upgrades
                
                | Ultravision | 1 |  | 
| Druid of the Talon Training | 2 |  | 
| Strength of the Wild | 4 |  | 
| Well Spring | 1 |  | 
| Reinforced Hides | 3 |  | 
| Nature's Blessing | 1 |  | 
| Corrosive Breath | 1 |  | 
| Mark of the Talon | 1 |  | 
                14 total
 » buildings
                
                | Altar of Elders | 1 |  | 
| Moon Well | 10 |  | 
| Tree of Ages | 2 |  | 
| Hunter's Hall | 1 |  | 
| Ancient of Wind | 5 |  | 
| Tree of Eternity | 1 |  | 
| Tree of Life | 4 |  | 
| Ancient of Wonders | 1 |  | 
| Chimaera Roost | 2 |  | 
                27 total
 » build order
                00:15 Altar of Elders
00:23 Moon Well
02:20 Moon Well
03:51 Moon Well
04:28 Moon Well
05:09 Tree of Ages
05:42 Hunter's Hall
08:01 Moon Well
08:03 Moon Well
08:07 Moon Well
08:09 Moon Well
08:24 Ancient of Wind
09:27 Tree of Eternity
09:30 Tree of Life
09:47 Ancient of Wonders
11:13 Moon Well
11:48 Moon Well
12:11 Chimaera Roost
12:12 Chimaera Roost
14:32 Ancient of Wind
33:55 Tree of Life
34:45 Tree of Life
35:11 Tree of Life
40:25 Tree of Ages
47:27 Ancient of Wind
47:40 Ancient of Wind
48:20 Ancient of Wind
» items
                
                | Boots of Speed | 1 |  | 
| Staff of Teleportation | 1 |  | 
| Potion of Lesser Invulnerability | 1 |  | 
| Pendant of Mana | 2 |  | 
| Potion of Invulnerability | 1 |  | 
| Orb of Venom | 1 |  | 
| Tiny Great Hall | 1 |  | 
| Healing Salve | 1 |  | 
                9 total
  
               team 2 (loser) 
              
              
I.BS.YOUR.BASE (
red | 65 APM | 4594 actions | 70:50)
              
 7 Far Seer 
 3 Feral Spirit
 3 Chain Lighting
 1 Earth Quake
 6 Shadow Hunter 
 2 Hex
 3 Healing Wave
 1 Big Bad Voodoo
 
                » actions 
                
                | Basic commands | 27 |  | 
| Build / train | 124 |  | 
| Enter build submenu | 40 |  | 
| Enter hero's abilities submenu | 14 |  | 
| Give item / drop item | 2 |  | 
| Remove unit from queue | 2 |  | 
| Right click | 3067 |  | 
| Select / deselect | 1063 |  | 
| Use ability | 255 |  | 
                4594 total
 » units 
                
                | Peon | 13 |  | 
| Grunt | 6 |  | 
| Raider | 1 |  | 
| Spirit Walker | 2 |  | 
| Troll Batrider | 25 |  | 
| Demolisher | 6 |  | 
| Troll Headhunter/Berserker | 3 |  | 
| Shaman | 5 |  | 
| Kodo Beast | 2 |  | 
| Troll Witch Doctor | 7 |  | 
| Wind Rider | 1 |  | 
| Goblin Zeppelin | 4 |  | 
                75 total
 » upgrades
                
                | Ensnare | 1 |  | 
| Spirit Walker Training | 1 |  | 
| Armor | 1 |  | 
| Ranged Weapons | 2 |  | 
| Burning Oil | 1 |  | 
| Shaman Training | 2 |  | 
| Berserker Upgrade | 1 |  | 
| Troll Regeneration | 1 |  | 
| Witch Doctor Training | 2 |  | 
| Liquid Fire | 1 |  | 
                13 total
 » buildings
                
                | Altar of Storms | 1 |  | 
| Orc Burrow | 9 |  | 
| Barracks | 2 |  | 
| Voodoo Lounge | 1 |  | 
| Stronghold | 2 |  | 
| War Mill | 1 |  | 
| Beastiary | 2 |  | 
| Spirit Lodge | 1 |  | 
| Watch Tower | 20 |  | 
| Fortress | 1 |  | 
| Great Hall | 1 |  | 
                41 total
 » build order
                00:07 Altar of Storms
00:08 Orc Burrow
00:35 Barracks
02:05 Orc Burrow
02:26 Voodoo Lounge
03:35 Stronghold
03:36 Stronghold
04:22 Orc Burrow
04:51 War Mill
06:19 Beastiary
06:25 Spirit Lodge
07:11 Orc Burrow
07:37 Orc Burrow
08:27 Orc Burrow
09:05 Watch Tower
09:10 Watch Tower
09:15 Watch Tower
10:19 Watch Tower
11:31 Watch Tower
12:51 Watch Tower
13:02 Beastiary
13:42 Orc Burrow
15:42 Barracks
16:58 Fortress
24:59 Great Hall
29:20 Watch Tower
29:23 Watch Tower
29:27 Watch Tower
30:27 Watch Tower
30:30 Watch Tower
30:33 Watch Tower
30:36 Watch Tower
30:39 Watch Tower
35:16 Orc Burrow
35:19 Orc Burrow
44:08 Watch Tower
44:10 Watch Tower
44:15 Watch Tower
45:33 Watch Tower
45:42 Watch Tower
55:19 Watch Tower
» items
                
                | Dust of Appearance | 1 |  | 
| Healing Salve | 3 |  | 
| Scroll of Town Portal | 2 |  | 
| Potion of Healing | 1 |  | 
| Potion of Mana | 2 |  | 
| Lesser Clarity Potion | 2 |  | 
| Orb of Lightning | 1 |  | 
| Scroll of Healing | 1 |  | 
| Potion of Lesser Invulnerability | 1 |  | 
                14 total
  
               
              
              
silverfox(R) (
orange | 50 APM | 3707 actions | 74:37)
              
 5 Archmage 
 3 Summon Water Elemental
 1 Brilliance Aura
 1 Blizzard
 3 Mountain King 
 2 Storm Bolt
 1 Thunder Clap
 
                » actions 
                
                | Assign group hotkey | 5 |  | 
| Basic commands | 581 |  | 
| Build / train | 168 |  | 
| ESC pressed | 43 |  | 
| Enter build submenu | 49 |  | 
| Enter hero's abilities submenu | 8 |  | 
| Give item / drop item | 2 |  | 
| Right click | 1442 |  | 
| Select / deselect | 1223 |  | 
| Select group hotkey | 5 |  | 
| Use ability | 181 |  | 
                3707 total
 » units 
                
                | Peasant | 55 |  | 
| Footman | 10 |  | 
| Rifleman | 5 |  | 
| Siege Engine | 19 |  | 
| Sorceress | 7 |  | 
| Knight | 2 |  | 
| Flying Machine | 18 |  | 
| Goblin Zeppelin | 3 |  | 
                119 total
 » upgrades
                
                | Long Rifles | 1 |  | 
| Lumber Harvesting | 2 |  | 
| Barrage | 1 |  | 
| Gunpowder | 3 |  | 
| Sorceress Training | 2 |  | 
| Animal War Training | 1 |  | 
| Armor | 2 |  | 
| Masonry | 1 |  | 
| Plating | 3 |  | 
| Flying Machine Bombs | 1 |  | 
                17 total
 » buildings
                
                | Altar of Kings | 1 |  | 
| Farm | 12 |  | 
| Barracks | 1 |  | 
| Scout Tower | 13 |  | 
| Town Hall | 4 |  | 
| Arcane Tower | 2 |  | 
| Lumber Mill | 3 |  | 
| Keep | 1 |  | 
| Blacksmith | 1 |  | 
| Guard Tower | 7 |  | 
| Castle | 1 |  | 
| Workshop | 3 |  | 
| Arcane Sanctum | 1 |  | 
| Arcane Vault | 1 |  | 
                51 total
 » build order
                00:08 Altar of Kings
00:12 Farm
00:36 Barracks
01:21 Farm
01:39 Farm
03:31 Scout Tower
03:52 Town Hall
04:53 Scout Tower
05:18 Scout Tower
05:27 Arcane Tower
06:17 Scout Tower
06:36 Lumber Mill
06:45 Lumber Mill
06:53 Arcane Tower
07:32 Scout Tower
07:40 Keep
08:13 Farm
08:47 Blacksmith
08:52 Scout Tower
09:08 Scout Tower
09:11 Scout Tower
09:42 Guard Tower
09:43 Guard Tower
09:46 Scout Tower
10:08 Guard Tower
10:10 Scout Tower
10:14 Guard Tower
10:16 Castle
11:11 Guard Tower
11:12 Scout Tower
11:23 Scout Tower
11:26 Scout Tower
11:43 Workshop
11:44 Guard Tower
12:41 Guard Tower
13:20 Workshop
13:29 Farm
13:31 Farm
13:41 Farm
14:31 Farm
14:48 Farm
15:59 Farm
16:22 Workshop
16:28 Arcane Sanctum
16:51 Arcane Vault
18:47 Farm
24:58 Farm
29:39 Lumber Mill
33:45 Town Hall
39:13 Town Hall
48:12 Town Hall
» items
                
                | Potion of Healing | 3 |  | 
| Orb of Fire | 1 |  | 
| Scroll of Regeneration | 1 |  | 
                5 total
  
               
              
              
too.tuff (
purple | 52 APM | 3905 actions | 74:35)
              
 7 Death Knight 
 3 Death Coil
 3 Unholy Aura
 1 Animate Dead
 6 Lich 
 3 Frost Nova
 2 Frost Armor
 1 Death and Decay
 
                » actions 
                
                | Basic commands | 9 |  | 
| Build / train | 100 |  | 
| Enter build submenu | 29 |  | 
| Enter hero's abilities submenu | 14 |  | 
| Give item / drop item | 7 |  | 
| Right click | 2686 |  | 
| Select / deselect | 924 |  | 
| Use ability | 135 |  | 
                3905 total
 » units 
                
                | Acolyte | 14 |  | 
| Ghoul | 4 |  | 
| Crypt Fiend | 30 |  | 
| Frost Wyrm | 11 |  | 
| Goblin Shredder | 1 |  | 
| Goblin Zeppelin | 6 |  | 
                66 total
 » upgrades
                
                | Creature Attack | 3 |  | 
| Web | 1 |  | 
| Freezing Breath | 1 |  | 
| Creature Carapace | 3 |  | 
| Burrow | 1 |  | 
                9 total
 » buildings
                
                | Graveyard | 1 |  | 
| Crypt | 4 |  | 
| Ziggurat | 16 |  | 
| Altar of Darkness | 1 |  | 
| Tomb of Relics | 1 |  | 
| Halls of the Dead | 2 |  | 
| Black Citadel | 2 |  | 
| Nerubian Tower | 1 |  | 
| Sacrificial Pit | 1 |  | 
| Boneyard | 2 |  | 
| Spirit Tower | 4 |  | 
                35 total
 » build order
                00:27 Graveyard
00:31 Crypt
00:41 Ziggurat
01:01 Altar of Darkness
01:14 Tomb of Relics
01:29 Ziggurat
03:29 Halls of the Dead
04:40 Ziggurat
05:50 Black Citadel
06:44 Ziggurat
06:47 Nerubian Tower
07:18 Sacrificial Pit
08:27 Boneyard
08:29 Boneyard
08:32 Ziggurat
08:37 Ziggurat
09:04 Spirit Tower
09:06 Spirit Tower
09:07 Spirit Tower
10:29 Ziggurat
13:20 Ziggurat
13:27 Ziggurat
23:51 Crypt
23:57 Crypt
24:06 Crypt
34:49 Ziggurat
34:51 Ziggurat
34:54 Ziggurat
34:56 Ziggurat
34:56 Ziggurat
34:58 Ziggurat
35:00 Ziggurat
41:14 Spirit Tower
» items
                 
                Chat log
          
(02:50 / All) too.tuff: newb imba hero
(03:39 / All) too.tuff: ur a pussy
(03:42 / All) too.tuff: just wait
(03:44 / All) too.tuff: ur bm is mine
(04:17 / All) too.tuff: imba
(04:18 / All) too.tuff: fagg
(04:30 / All) too.tuff: bm=over rated
(04:36 / All) GOKUMaN69: ok
(04:44 / All) too.tuff: ur no good
(04:50 / All) GOKUMaN69: 1v1?
(04:51 / All) GapInTheTooth: 1v1?
(04:54 / All) I.BS.YOUR.BASE: rofl
(04:55 / All) too.tuff: k
(04:56 / All) too.tuff: clan wnl
(04:58 / All) I.BS.YOUR.BASE: u kids are filth
(05:56 / All) too.tuff: ima nuke
(05:57 / All) too.tuff: ur shit
(08:41 / All) I.BS.YOUR.BASE: mass bats?
(08:42 / All) I.BS.YOUR.BASE: rofl
(08:45 / All) too.tuff: LOL
(08:49 / All) too.tuff: ima
(08:52 / All) too.tuff: web this shit
(09:20 / All) GOKUMaN69: why is the bm so gay>?
(09:31 / All) I.BS.YOUR.BASE: hm
(09:35 / All) I.BS.YOUR.BASE: only hero in game
(09:38 / All) I.BS.YOUR.BASE: can go ww u nub
(09:49 / All) GOKUMaN69: dh can kill 100 food armies
(09:53 / All) too.tuff: LOOK
(09:56 / All) I.BS.YOUR.BASE: rofl
(09:57 / All) too.tuff: WHY IS HE CHEAT OR IMBA?
(10:01 / All) too.tuff: U GO INSIV
(10:01 / All) too.tuff: AND
(10:03 / All) too.tuff: DO
(10:06 / All) too.tuff: 40 CRIT
(10:08 / All) too.tuff: NOOB
(10:16 / All) too.tuff: =OVER RATED
(10:17 / All) too.tuff: GET IT?
(13:48 / Allies) GapInTheTooth: woods
(13:50 / Allies) GapInTheTooth: plz
(17:07 / All) I.BS.YOUR.BASE: KIds cant even play right
(17:12 / All) I.BS.YOUR.BASE: fuckings leave u filth
(18:05 / All) GOKUMaN69: 3 in a row bro
(18:11 / All) I.BS.YOUR.BASE: gtfo u nub
(18:16 / All) I.BS.YOUR.BASE: bm sum more
(18:22 / All) I.BS.YOUR.BASE: i would rape u 1v1 easy
(19:20 / All) I.BS.YOUR.BASE: NUB
(19:25 / All) too.tuff: rofl
(19:27 / All) too.tuff: like it noob?
(19:29 / All) too.tuff: suck it
(19:56 / All) too.tuff: k
(19:58 / All) too.tuff: clan wnl
(20:01 / All) too.tuff: for that 1v1
(20:47 / All) too.tuff: lol
(24:36 / All) too.tuff: im
(24:40 / All) too.tuff: thinkin about that 1v1
(24:45 / All) GOKUMaN69: 1v1?
(24:50 / All) GOKUMaN69: u gonna quit?
(24:55 / All) too.tuff: lol?
(24:58 / All) too.tuff: why quit?
(25:00 / All) GOKUMaN69: what map?
(25:05 / All) too.tuff: idc
(26:54 / All) too.tuff: xD
(27:48 / All) I.BS.YOUR.BASE: rofl scrubs
(27:51 / All) too.tuff: rogfl
(32:33 / All) silverfox(R): I didnt know we were playing a td
(33:22 / All) too.tuff: see
(33:25 / All) too.tuff: ur bm=imba
(33:58 / All) too.tuff: 386 crit
(34:00 / All) too.tuff: a joke
(39:08 / All) too.tuff: gg noobs
(39:40 / All) too.tuff: a joke
(39:41 / All) too.tuff: rofl
(43:55 / All) silverfox(R): rape my peons gogo
(44:43 / All) GapInTheTooth: gg
(44:47 / All) too.tuff: noobs
(44:48 / All) I.BS.YOUR.BASE: gg
(44:49 / All) too.tuff: stfu
(44:52 / All) I.BS.YOUR.BASE: guys come to clan WnL
(44:53 / All) I.BS.YOUR.BASE: k?
(44:57 / All) GOKUMaN69: ok
(44:59 / All) I.BS.YOUR.BASE: Clan WnL
(45:01 / All) I.BS.YOUR.BASE: come
(45:04 / All) GOKUMaN69: you quit first
(45:05 / All) too.tuff: rofl?
(45:13 / All) I.BS.YOUR.BASE: k im leeaving
(45:14 / All) I.BS.YOUR.BASE: gg
(45:19 / All) GOKUMaN69: Gg
(45:35 / All) GOKUMaN69: now one of you leave
(45:51 / All) I.BS.YOUR.BASE: nope
(48:52 / All) too.tuff: ROFL
(51:26 / All) too.tuff: u guys
(51:28 / All) too.tuff: are horrible
(51:36 / All) GOKUMaN69: why bro?
(53:55 / All) silverfox(R): oh you found it
(56:24 / All) too.tuff: well
(56:25 / All) too.tuff: im out
(56:27 / All) too.tuff: gg
(56:29 / All) GOKUMaN69: see yeag
(56:33 / All) too.tuff: rofl?
(56:35 / All) too.tuff: it was a joke
(56:37 / All) too.tuff: ur dead
(60:20 / All) too.tuff: this
(60:23 / All) too.tuff: will be reported
(60:28 / All) GOKUMaN69: for what?
(60:30 / All) I.BS.YOUR.BASE: this is seriously
(60:31 / All) too.tuff: ur not aloude to do this
(60:32 / All) I.BS.YOUR.BASE: like a hack
(60:33 / All) too.tuff: check
(60:35 / All) too.tuff: on bent
(60:37 / All) too.tuff: i just did
(60:51 / All) VELOX_NEB: how is this against the rules?
(60:59 / All) I.BS.YOUR.BASE: this is normal gameplay
(61:01 / All) I.BS.YOUR.BASE: u fucking nub
(61:08 / All) VELOX_NEB: yeah, i agree
(61:12 / All) VELOX_NEB: this is totally normal
(61:13 / All) GOKUMaN69: were playing normal
(61:17 / All) too.tuff: ya
(61:19 / All) VELOX_NEB: yeah
(61:21 / All) too.tuff: undead
(61:22 / All) I.BS.YOUR.BASE: ya normal is massing on an edge
(61:25 / All) I.BS.YOUR.BASE: ur real pro
(61:29 / All) I.BS.YOUR.BASE: piece of shit
(61:33 / All) GOKUMaN69: 1v1?
(61:37 / All) too.tuff: go
(61:37 / All) I.BS.YOUR.BASE: no shit
(61:38 / All) I.BS.YOUR.BASE: after
(61:41 / All) I.BS.YOUR.BASE: u fucking idiot
(61:45 / All) too.tuff: www.bnet.com
(61:51 / All) too.tuff:  /help
(61:55 / All) too.tuff:  /fourms
(61:58 / All) too.tuff: and read it
(62:01 / All) too.tuff: i just did
(62:02 / All) too.tuff: so
(62:05 / All) too.tuff: u will get baned idc
(62:14 / All) GOKUMaN69: post a thread about this game
(62:23 / All) too.tuff: cuz u have no skill?
(62:34 / All) GOKUMaN69: you lost me thinks
(63:33 / All) GOKUMaN69: we arent breakin anyrules
(66:15 / All) I.BS.YOUR.BASE: wow
(66:16 / All) I.BS.YOUR.BASE: u kids
(66:18 / All) I.BS.YOUR.BASE: r seriously
(66:22 / All) I.BS.YOUR.BASE: getting reported
(66:32 / All) too.tuff: k
(66:34 / All) too.tuff: sec
(66:37 / All) too.tuff: hoinh
(66:39 / All) too.tuff: goin
(66:40 / All) too.tuff: out
(66:42 / All) too.tuff: reportin
(66:42 / All) too.tuff: sec
(66:43 / All) too.tuff: brb
(67:20 / All) too.tuff: it's cool
(67:21 / All) too.tuff: u win
(67:25 / All) too.tuff: but get baned
(67:27 / All) too.tuff: so
(67:32 / All) too.tuff: i can take a lose
(67:36 / All) too.tuff: over my 68%
(67:38 / All) too.tuff: newb fucks
(67:42 / All) GOKUMaN69: 1v1?
(67:45 / All) too.tuff: yes
(67:48 / All) too.tuff: clan wnl
(68:59 / All) GOKUMaN69: just quit bro
(69:05 / All) too.tuff: rofl?
(69:06 / All) I.BS.YOUR.BASE: Get a life u nub
(69:13 / All) too.tuff: www.getalife.com
(69:18 / All) too.tuff: u shoud check it oput!
(69:20 / All) too.tuff: out
(69:20 / All) too.tuff: !
(69:29 / All) too.tuff: may be helpful
(69:29 / All) GOKUMaN69: why u so mad?
(70:43 / All) too.tuff: cool
(70:46 / All) too.tuff: report should go well
(70:49 / All) I.BS.YOUR.BASE: kk reporting
(71:05 / All) too.tuff: clan wnl
(71:10 / All) GOKUMaN69: pk
(71:11 / All) GOKUMaN69: ok
(71:13 / All) GOKUMaN69: what map
(71:14 / All) VELOX_NEB: sure
(71:31 / All) GOKUMaN69: we didn't break any rules
(71:44 / All) too.tuff: rofl u guys like ur accounts?
(71:50 / All) GOKUMaN69: yeah
(71:57 / All) too.tuff: rofl they will be ours
(72:00 / All) too.tuff: in the mornin
(72:01 / All) VELOX_NEB: they don't ban for this you twits
(72:02 / All) too.tuff: just wait
(72:10 / All) too.tuff: rofl
(72:12 / All) too.tuff: cant wait
(72:18 / All) too.tuff: till im on ur newb acc
(72:19 / All) too.tuff: tommorow
(72:27 / All) too.tuff: than ima hack ur email
(72:48 / All) too.tuff: rofl
(72:50 / All) too.tuff: either leave
(72:55 / All) too.tuff: or ur acc
(72:57 / All) too.tuff: is mine
(73:04 / All) GOKUMaN69: u a hacker or something?
(73:05 / All) too.tuff: which u want?
(73:07 / All) too.tuff: yes
(73:11 / All) too.tuff: account hacker
(73:17 / All) too.tuff: u leave
(73:18 / All) too.tuff: or
(73:21 / All) too.tuff: i take ur acc
(73:21 / All) GOKUMaN69: nope
(73:23 / All) too.tuff: which is it/
(73:26 / All) too.tuff: nope?
(73:27 / All) too.tuff: ok
(73:28 / All) GOKUMaN69: now im reportin you
(73:33 / All) too.tuff: GOod
(73:34 / All) too.tuff: cuz
(73:37 / All) too.tuff: ur reportin urself
(73:38 / All) too.tuff: aswell
(73:40 / All) too.tuff: go hf
(73:44 / All) too.tuff: u have been setup
(73:45 / All) too.tuff: nebw
(73:57 / All) too.tuff: nice
(73:59 / All) too.tuff: 54%
(74:03 / All) too.tuff: it is mine now
(74:12 / All) too.tuff: rofl
(74:13 / All) too.tuff: ask oj
(74:32 / All) too.tuff: ROFL
(74:33 / All) too.tuff: clan wnl
(74:35 / All) too.tuff: see ya